 Dungeon Sprint DCSS version 0.30-a0-223-gcb0039aa0c (webtiles) character file.

Game seed: 6517703786515829447

107 rocky1 the Cudgeller (level 4, -1/32 HPs)
             Began as a Gargoyle Fighter on Oct 10, 2022.
             Was a Follower of Okawaru.
             Slain by a warg (12 damage)
             ... in the Dungeon (Sprint VII: "The Pits").
             The game lasted 00:01:38 (467 turns).

rocky1 the Cudgeller (Gargoyle Fighter)              Turns: 467, Time: 00:01:38

Health: -1/32      AC: 10    Str: 21    XL:     4   Next: 86%
Magic:  6/6        EV:  9    Int:  9    God:    Okawaru [*.....]
Gold:   0          SH:  5    Dex:  9    Spells: 3/3 levels left

rFire   . . .      SeeInvis .    n - +0 flail (vorpal)
rCold   . . .      Faith    .    c - +0 buckler
rNeg    + . .      Spirit   .    b - +0 scale mail
rPois   ∞          Reflect  .    (no helmet)
rElec   +          Harm     .    (no cloak)
rCorr   .          Rampage  .    (no gloves)
Will    .....      NoTele   +    (no boots)
Stlth   ..........               (no amulet)
HPRegen 0.25/turn                (no ring)
MPRegen 0.10/turn                (no ring)

@: no status effects
A: sickness immunity, AC +3, negative energy resistance 1, electricity
resistance, torment resistance 1, petrification resistance
a: Renounce Religion, Heroism


You were in the Dungeon.
You worshipped Okawaru.
Okawaru was aware of your devotion.
You visited 1 branch

Inventory:

Hand Weapons
 a - a +0 flail
 m - a +2 mace of holy wrath
 n - a +0 vorpal flail (weapon)
Armour
 b - a +0 scale mail (worn)
 c - a +0 buckler (worn)
Scrolls
 j - a scroll of blinking
 l - 5 scrolls of amnesia
Potions
 d - a potion of might
 e - 6 potions of curing
 f - 5 potions of heal wounds
 g - a potion of haste
 h - 4 potions of magic
 i - 3 potions of berserk rage
 k - 2 potions of invisibility


   Skills:
 + Level 5.6 Fighting
 * Level 6.3 Maces & Flails
 - Level 3.2 Armour
 + Level 5.6 Shields
 + Level 3.3 Invocations


You had 3 spell levels left.
You didn't know any spells.
Your spell library was empty.

Dungeon Overview and Level Annotations

Branches:
Dungeon (1/1)

Altars:
Ashenzari
Cheibriados
Dithmenos
Elyvilon
Fedhas
Gozag
Hepliaklqana
Kikubaaqudgha
Makhleb
Nemelex Xobeh
Okawaru
Qazlal
Ru
Sif Muna
Trog
Uskayaw
Vehumet
Wu Jian
Xom
Yredelemnul
Zin
The Shining One
Jiyva
Lugonu


Innate Abilities, Weirdness & Mutations

You are immune to sickness and miasma.
Your stone body is resilient. (AC +3)
You are immune to poison.
You resist negative energy. (rN+)
You are resistant to electric shocks. (rElec)
You are resistant to unholy torment.
You are immune to petrification.


Message History

You open the door. You closely miss the scorpion. The scorpion stings you.
You closely miss the scorpion. The scorpion stings you.
The scorpion stings you but does no damage.
You sock the scorpion!
The scorpion is almost dead.
The scorpion barely misses you.
You sock the scorpion!
You kill the scorpion!
Okawaru is honoured by your kill.
You can now gain great but temporary skills.
Your Fighting skill increases to level 5!
Your Maces & Flails skill increases to level 6!
Your Shields skill increases to level 5!
Your Invocations skill gained 2 levels and is now at level 3!
You have reached level 4!
You feel clever.
You start resting.
HP restored.
You start resting.
Magic restored.
There is an open door here.
As you open the door, it creaks loudly!
A warg comes into view.
The warg howls!
The warg barely misses you.
You hit the warg but do no damage. The warg closely misses you.
You thump the warg!
The warg is moderately wounded.
The warg bites you. The warg bites you but does no damage.
You hit the warg.
The warg is heavily wounded.
The warg bites you!
You hit the warg but do no damage.
The warg is heavily wounded.
The warg bites you!
You closely miss the warg.
The warg is heavily wounded.
The warg bites you!
You die...

#)#..#.)))[##.......#
#'###########.......#
#.......# #########
#..###..# #.......#
##.###.## #.......#
#..###..#+#
#......@h.#
###########


You could see a warg.

Vanquished Creatures
  A scorpion (D)
  An adder (D)
  2 white imps (D)
  2 ufetubi (D)
  An endoplasm (D)
  A hobgoblin (D)
  6 jackals (D)
  A kobold (D)
  2 ball pythons (D)
  A frilled lizard (D)
  A quokka zombie (D)
19 creatures vanquished.

Notes
Turn   | Place    | Note
-------+----------+-------------------------------------------
     0 | D        | rocky1 the Gargoyle Fighter began the quest for the Orb.
     0 | D        | Reached XP level 1. HP: 14/14 MP: 1/1
    18 | D        | Found a bloodstained altar of Trog.
    18 | D        | Found a shimmering blue altar of Sif Muna.
    18 | D        | Found a viscous altar of Jiyva.
    18 | D        | Found a hazy altar of Hepliaklqana.
    18 | D        | Found an opulent altar of Gozag.
    19 | D        | Found a glowing golden altar of the Shining One.
    19 | D        | Found a glowing silver altar of Zin.
    19 | D        | Found a basalt altar of Yredelemnul.
    19 | D        | Found a shimmering altar of Xom.
    19 | D        | Found an ornate altar of the Wu Jian Council.
    19 | D        | Found a sacrificial altar of Ru.
    19 | D        | Found a stormy altar of Qazlal.
    19 | D        | Found an iron altar of Okawaru.
    19 | D        | Found a sparkling altar of Nemelex Xobeh.
    19 | D        | Found a burning altar of Makhleb.
    19 | D        | Found a blossoming altar of Fedhas.
    19 | D        | Found a white marble altar of Elyvilon.
    19 | D        | Found a shadowy altar of Dithmenos.
    19 | D        | Found a snail-covered altar of Cheibriados.
    22 | D        | Found a corrupted altar of Lugonu.
    22 | D        | Found a radiant altar of Vehumet.
    23 | D        | Found an ancient bone altar of Kikubaaqudgha.
    23 | D        | Found a hide-covered altar of Uskayaw.
    23 | D        | Found a broken altar of Ashenzari.
    27 | D        | Became a worshipper of Warmaster Okawaru
    79 | D        | Reached skill level 3 in Maces & Flails
   100 | D        | Reached XP level 2. HP: 12/20 MP: 2/2
   258 | D        | Reached skill level 4 in Maces & Flails
   271 | D        | Reached XP level 3. HP: 24/24 MP: 3/3
   274 | D        | Reached skill level 1 in Invocations
   404 | D        | Noticed a scorpion
   409 | D        | Reached skill level 5 in Maces & Flails
   427 | D        | Killed a scorpion
   427 | D        | Reached * piety under Okawaru
   428 | D        | Reached skill level 5 in Fighting
   428 | D        | Reached skill level 6 in Maces & Flails
   428 | D        | Reached skill level 5 in Shields
   428 | D        | Reached XP level 4. HP: 29/32 MP: 4/6
   462 | D        | Noticed a warg
   467 | D        | Slain by a warg

Illustrated notes

Levels and vault maps discovered:
D:        pitsprint [storerooms_1, entrance_room_1, metal_vault_8, armoury_2,
          mini_pit_1, grid_room_1, main_hall_1, silver_pit, the_coven_2,
          the_vestibule_1, steel_vault_5, golden_pit, hallway_of_sentries,
          crystal_vault_4, iron_vault_4, final_vault]

Skill      XL: |  1  2  3 |
---------------+----------+-----
Maces & Flails | 3 4 6 |  6.3
Fighting       | 4 5 |  5.6
Shields        | 4 5 |  5.6
Invocations    | 3 |  3.3
Armour         | |  3.2

Action                   |  1- 3 |  4- 6 || total
-------------------------+-------+-------++-------
Melee: Flail             |    68 |     5 ||    73
       Mace              |     5 |       ||     5
  Use: Potion            |     1 |       ||     1
Armor: Scale mail        |    85 |     1 ||    86
Dodge: Dodged            |    75 |     2 ||    77
Block: Buckler           |    39 |       ||    39

Table legend: (Time is in decaauts)
 A = Elapsed time spent in this place.
 B = Non-inter-level travel time spent in this place.
 C = Inter-level travel time spent in this place.
 D = Time resting spent in this place.
 E = Time spent auto-exploring this place.
 F = Levels seen in this place.
 G = Mean time per level.
                   A        B        C        D        E       F      G
               +--------+--------+--------+--------+--------+-----+--------+
         Total |    483 |    463 |     20 |    222 |      0 |   1 |  483.0 |
       Dungeon |    483 |    463 |     20 |    222 |      0 |   1 |  483.0 |
               +--------+--------+--------+--------+--------+-----+--------+

Top non-repeatable levels by time:
       D: 483 daAuts
